 Dungeon Crawl Stone Soup version 0.17.1-1-g73c8601 (console) character file.

5425 Kloppie the Carver (level 10, -3/136 HPs)
             Began as a Minotaur Fighter on Dec 15, 2015.
             Was an Elder of Okawaru.
             Slain by a troll (6 damage)
             ... on level 9 of the Dungeon.
             The game lasted 00:15:44 (8259 turns).

Kloppie the Carver (Minotaur Fighter)               Turns: 8259, Time: 00:15:45

Health: -3/136     AC: 25    Str: 24    XL:     10   Next: 40%
Magic:  10/10      EV:  2    Int:  5    God:    Okawaru [****..]
Gold:   480        SH:  9    Dex: 10    Spells: 0 memorised, 9 levels left

rFire  . . .     SeeInvis .     a - +1 long sword
rCold  . . .     Clarity  .     (armour currently unavailable)
rNeg   + + +     SustAt   .     c - +0 shield
rPois  +         Gourm    .     (helmet currently unavailable)
rElec  .         Spirit   .     (cloak currently unavailable)
rCorr  .         Warding  .     (gloves currently unavailable)
rMut   .         NoTele   +     (boots currently unavailable)
MR     .....                    (no amulet)
Stlth  +.........               C - ring of poison resistance
                                (no ring)

@: tree-form, not resistant to hostile enchantments, very unstealthy
A: (retaliatory headbutt), (horns 0)
a: Heroism, Renounce Religion


You were on level 9 of the Dungeon.
You worshipped Okawaru.
Okawaru was greatly pleased with you.
You were hungry.
You were a tree.
You visited 2 branches of the dungeon, and saw 11 of its levels.

You collected 542 gold pieces.
You spent 62 gold pieces at shops.

Inventory:

Hand Weapons
 a - a +1 long sword (weapon)
 b - a +0 flail
Armour
 c - a +0 shield (worn)
 o - a +3 chain mail of poison resistance (melded)
 t - a +2 hat (melded)
Jewellery
 f - an uncursed ring of stealth
 q - a cursed ring of stealth
 C - a ring of poison resistance (right branch)
Wands
 d - a wand of polymorph (24)
 k - a wand of polymorph (17)
 J - a wand of draining (10)
Scrolls
 i - 2 scrolls of remove curse
 j - a scroll of fear
 l - a scroll of amnesia
 n - 2 scrolls of magic mapping
 p - 3 scrolls of teleportation
 r - 2 scrolls of enchant weapon
 A - 2 scrolls of identify
 H - 2 scrolls of fog
Potions
 h - 2 potions of invisibility
 s - a potion of ambrosia
 v - 2 potions of resistance
 w - a potion of lignification
 x - 2 potions of haste {unknown}
 z - a potion of degeneration {unknown}
 B - a potion of cure mutation {unknown}
 D - 2 potions of poison {unknown}
 E - 2 potions of mutation {unknown}
Books
 y - a book of Envenomations

   Spells                             Type                      Level
   a - Spider Form                    Transmutation/Poison         3
   b - Alistair's Intoxication        Transmutation/Poison         4
   c - Olgreb's Toxic Radiance        Poison                       4
   d - Poisonous Cloud                Conjuration/Poison/Air       6
 G - a book of Enchantments

   Spells                             Type                      Level
   a - Cause Fear                     Hexes                        4
   b - Silence                        Hexes/Air                    5
   c - Deflect Missiles               Charms/Air                   6
   d - Haste                          Charms                       6
   e - Discord                        Hexes                        8
Comestibles
 e - 9 bread rations
 m - 4 meat rations
 u - 2 royal jellies
 F - 5 chunks of flesh
 I - 4 beef jerkies


   Skills:
 - Level 9.2 Fighting
 + Level 12.5 Long Blades
 + Level 10.9 Armour
 - Level 3.6 Shields
 - Level 2.2 Invocations


You had 9 spell levels left.
You didn't know any spells.

Dungeon Overview and Level Annotations

Branches:
Dungeon (10/15)            Temple (1/1) D:4
   Lair: D:8-11         Orc: D:9-12

Altars:
Ashenzari
Cheibriados
Dithmenos
Elyvilon
Fedhas
Gozag
Kikubaaqudgha
Makhleb
Nemelex Xobeh
Okawaru
Qazlal
Ru
Sif Muna
Trog
Vehumet
Xom
Yredelemnul
Zin
The Shining One

Shops:
D:5 *

Annotations:
D:10 Joseph


Innate Abilities, Weirdness & Mutations

((You reflexively headbutt those who attack you in melee.))
((You have a pair of horns on your head.))


Message History

The troll claws you.
* * * LOW HITPOINT WARNING * * *
Drink which item? (? for menu, Esc to quit)
You turn into a tree.
Your +2 hat melds into your body.
Your +3 chain mail of poison resistance melds into your body.
Your roots penetrate the ground.
You block the black bear's attack.
The black bear claws you but does no damage.
The black bear claws you.
* * * LOW HITPOINT WARNING * * *
You block the troll's attack. The troll claws you but does no damage.
The troll claws you but does no damage.
You slash the troll!
The troll is heavily wounded.
The black bear bites you but does no damage.
The black bear claws you but does no damage. x2
You hit the troll.
The troll is heavily wounded.
You are feeling hungry.
You block the troll's attack. The troll claws you.
You die...

.....................#........#
.....................#........#
..........÷...................#
........###########..._.......#
.....#..#..#........[.....#...#
..####.....#..................#
..#.....####...###....8.._....#
..#............#†TF...........#
..####..#......#♣h#._.....#####
.....#..####...####...........#
.....#..#..#..................#
.....#..#..#...#..........#...#
........#..#...#..........#...#
.....####..#...#..........#...#
..####.........#######....#...#
..#..#............#..#....#####
..#..#............#..#....#...#


You could see a troll, a black bear and a giant frog.

Vanquished Creatures
  A hill giant (D:9)
  Pikel (D:4)
  A two-headed ogre (D:9)
  A wyvern (D:9)
  Sigmund (D:2)
  A hungry ghost (D:9)
  Menkaure (D:6)
  4 orc warriors
  2 ice beasts
  3 ogres
  3 sky beasts
  A black bear (D:9)
  A necrophage (D:5)
  2 phantoms
  A big kobold (D:9)
  3 centaurs
  2 giant frogs
  3 scorpions
  7 killer bees
  An electric eel (D:6)
  A crimson imp (D:9)
  2 centaur zombies
  3 hounds
  5 orc wizards
  5 orc priests
  4 jellies
  3 centaur skeletons
  2 giant frog skeletons
  Terence (D:2)
  9 worker ants
  An iguana (D:4)
  2 worker ant zombies
  4 gnolls (D:6)
  10 adders
  A shadow imp (D:8)
  An ooze (D:4)
  3 worms
  An adder skeleton (D:6)
  4 giant geckos
  42 orcs
  11 hobgoblins
  14 jackals
  10 kobolds
  8 quokkas
  A ball python (D:5)
  9 bats
  4 giant cockroaches
  A giant gecko skeleton (D:6)
  4 giant newts
  4 goblins
  A quokka zombie (D:9)
  11 rats
222 creatures vanquished.

Vanquished Creatures (others)
  A centaur skeleton (D:4)
1 creature vanquished.

Grand Total: 223 creatures vanquished

Notes
Turn   | Place    | Note
--------------------------------------------------------------
     0 | D:1      | Kloppie the Minotaur Fighter began the quest for the Orb.
     0 | D:1      | Reached XP level 1. HP: 19/19 MP: 0/0
    78 | D:1      | Reached skill level 4 in Fighting
    78 | D:1      | Reached XP level 2. HP: 14/27 MP: 1/1
   341 | D:1      | Reached XP level 3. HP: 34/34 MP: 2/2
   560 | D:2      | Noticed Terence
   569 | D:2      | Killed Terence
   630 | D:2      | Reached XP level 4. HP: 38/41 MP: 3/3
   721 | D:2      | Noticed Sigmund
   738 | D:2      | Killed Sigmund
   738 | D:2      | Reached skill level 6 in Fighting
   738 | D:2      | Reached skill level 5 in Long Blades
   738 | D:2      | Reached XP level 5. HP: 44/50 MP: 4/4
  1306 | D:2      | Reached XP level 6. HP: 54/57 MP: 5/5
  2135 | D:4      | Reached skill level 7 in Fighting
  2315 | D:4      | Noticed Pikel
  2343 | D:4      | Killed Pikel
  2343 | D:4      | Reached skill level 8 in Fighting
  2343 | D:4      | Reached XP level 7. HP: 57/69 MP: 6/6
  2462 | D:4      | Reached XP level 8. HP: 75/75 MP: 7/7
  2497 | D:4      | Found a staircase to the Ecumenical Temple.
  2509 | Temple   | Entered the Ecumenical Temple
  2680 | Temple   | Became a worshipper of Warmaster Okawaru
  2932 | D:5      | Entered Level 5 of the Dungeon
  2949 | D:5      | Reached skill level 9 in Fighting
  3129 | D:5      | Found a sparkling altar of Nemelex Xobeh.
  3134 | D:5      | Found an opulent altar of Gozag.
  3143 | D:5      | Found a shadowy altar of Dithmenos.
  3146 | D:5      | Found a radiant altar of Vehumet.
  3289 | D:5      | Found Nezadgh's Assorted Antiques.
  3297 | D:5      | Bought a scroll of identify for 62 gold pieces
  3525 | D:5      | Found a white marble altar of Elyvilon.
  3587 | D:5      | Reached * piety under Okawaru
  3648 | D:5      | Reached skill level 5 in Armour
  4511 | D:6      | Reached skill level 1 in Invocations
  4620 | D:6      | Reached ** piety under Okawaru
  4849 | D:6      | Reached XP level 9. HP: 83/83 MP: 9/9
  4886 | D:6      | Noticed Menkaure
  4891 | D:6      | Killed Menkaure
  5157 | D:6      | Found a sacrificial altar of Ru.
  5248 | D:6      | Reached skill level 10 in Long Blades
  5432 | D:7      | Found a shattered altar of Ashenzari.
  5566 | D:7      | Found a burning altar of Makhleb.
  6046 | D:7      | Reached skill level 11 in Long Blades
  6500 | D:8      | Reached *** piety under Okawaru
  6731 | D:8      | Reached XP level 10. HP: 91/91 MP: 10/10
  6858 | D:9      | Reached skill level 10 in Armour
  7201 | D:9      | Noticed a hill giant
  7215 | D:9      | Killed a hill giant
  7215 | D:9      | Reached skill level 12 in Long Blades
  7235 | D:9      | Reached **** piety under Okawaru
  7777 | D:9      | Found a stormy altar of Qazlal.
  7780 | D:9      | Found a glowing silver altar of Zin.
  7780 | D:9      | Found a blossoming altar of Fedhas.
  8226 | D:10     | Entered Level 10 of the Dungeon
  8229 | D:10     | Noticed Joseph
  8256 | D:9      | HP: 4/91 [troll (4)]
  8259 | D:9      | Slain by a troll

Action                   |  1- 3 |  4- 6 |  7- 9 | 10-12 || total
-------------------------+-------+-------+-------+-------++-------
Melee: Long sword        |    85 |   149 |   366 |   149 ||   749
Invok: Heroism           |       |       |     1 |       ||     1
  Use: Potion            |       |     1 |     1 |     2 ||     4
       Scroll            |       |     1 |    16 |     3 ||    20
 Stab: Distracted        |       |       |     1 |       ||     1
  Eat: Chunk             |       |     5 |    13 |     5 ||    23
       Beef jerky        |       |       |     1 |     1 ||     2
       Fruit             |       |       |       |     1 ||     1
       Pizza             |       |       |       |     1 ||     1
